 Dungeon Crawl Stone Soup version 0.26-a0-597-gb535b0901c (webtiles) character file.

Game seed: 12982078384246400038

5207 Lanoc the Fighter (level 10, 0/92 (93) HPs)
             Began as a Green Draconian Warper on Sept 2, 2020.
             Slain by a wyvern skeleton (11 damage)
             ... on level 10 of the Dungeon.
             The game lasted 00:17:52 (9757 turns).

Lanoc the Fighter (Green Draconian Warper)          Turns: 9757, Time: 00:17:53

HP:   0/92 (93)     AC: 13    Str: 14    XL:     10   Next: 35%
MP:   2/13          EV: 16    Int: 16    God:
Gold: 586           SH:  5    Dex: 11    Spells: 6/13 levels left

rFire    . . .     SeeInvis .   w - +0 trident
rCold    . . .     Faith    .   (no shield)
rNeg     . . .     Spirit   .   (armour unavailable)
rPois    +         Reflect  +   b - +0 hat
rElec    .         Harm     .   i - +1 cloak
rCorr    .                      (no gloves)
MR       +....                  (no boots)
Stlth    +.........             L - amulet of reflection
HPRegen  0.25/turn              k - +4 ring of protection
MPRegen  0.13/turn              C - ring of protection from magic

@: no status effects
A: breathe noxious fumes, unfitting armour, poison resistance, cold-blooded, AC
+7
a: Breathe Noxious Fumes


You were on level 10 of the Dungeon.
You visited 2 branches of the dungeon, and saw 11 of its levels.

You collected 586 gold pieces.

Inventory:

Hand Weapons
 w - a +0 trident (weapon)
Missiles
 y - 4 boomerangs (quivered)
 M - a throwing net
Armour
 b - a +0 hat (worn)
 i - a +1 cloak (worn)
Jewellery
 k - a +4 ring of protection (left hand)
 l - an uncursed amulet of faith
 C - a ring of protection from magic (right hand)
 K - an uncursed ring of protection from fire
 L - an amulet of reflection (around neck)
Wands
 D - a wand of acid (15)
 E - a wand of iceblast (21)
Scrolls
 a - a scroll of torment {unknown}
 c - 3 scrolls of blinking
 e - a scroll of immolation
 m - 3 scrolls of amnesia {unknown}
 r - 3 scrolls of enchant armour
 s - 4 scrolls of identify
 t - a scroll of summoning {unknown}
 u - 3 scrolls of remove curse
 v - 2 scrolls of enchant weapon {unknown}
 x - a scroll of fear
 z - a scroll of fog {unknown}
 H - 2 scrolls of teleportation {unknown}
 J - a scroll of magic mapping
Potions
 f - 8 potions of curing
 g - 2 potions of mutation {unknown}
 h - 3 potions of stabbing {unknown}
 j - 2 potions of resistance
 n - 2 potions of heal wounds {unknown}
 o - a potion of invisibility {unknown}
 p - 4 potions of lignification {unknown}
 q - 2 potions of might {unknown}
 A - a potion of ambrosia {unknown}
 B - a potion of haste {unknown}
 F - a potion of degeneration {unknown}
 G - 2 potions of magic {unknown}
 I - a potion of brilliance {unknown}


   Skills:
 + Level 10.1 Fighting
 - Level 2.0 Polearms
 - Level 0.8 Throwing
 + Level 8.6 Dodging
 - Level 2.0 Spellcasting
 + Level 9.2 Translocations


You had 6 spell levels left.
You knew the following spells:

 Your Spells              Type           Power        Failure   Level
a - Apportation           Tloc           ####..       1%          1
b - Blink                 Tloc           N/A          1%          2
c - Passage of Golubria   Tloc           N/A          4%          4

Your spell library contained the following spells:

 Spells                   Type           Power        Failure   Level
 Gell's Gravitas          Tloc           ####......   1%          3
 Lesser Beckoning         Tloc           ####......   1%          3
 Teleport Other           Tloc           ####....     1%          3
 Animate Skeleton         Necr           #.....       21%         1
 Corona                   Hex            #......      21%         1
 Pain                     Necr           #...         21%         1
 Summon Small Mammal      Summ           #...         21%         1


Dungeon Overview and Level Annotations

Branches:
Dungeon (10/15)            Temple (1/1) D:5
   Lair: D:8-11         Orc: D:9-12

Altars:
Ashenzari
Dithmenos
Gozag
Hepliaklqana
Kikubaaqudgha
Makhleb
Nemelex Xobeh
Okawaru
Qazlal
Ru
Sif Muna
Uskayaw
Vehumet
Wu Jian
Xom
Yredelemnul
Zin
The Shining One

Annotations:
D:9 3 runed translucent doors, exclusion: orange crystal statue, EnegeticOcto's ghost, novice DDFi


Innate Abilities, Weirdness & Mutations

You can breathe blasts of noxious fumes.
Your lurid green scales are hard. (AC +7)
You cannot fit into any form of body armour.
Your system is resistant to poisons. (rPois)
You are cold-blooded and may be slowed by cold attacks.


Message History

The wyvern skeleton bites you but does no damage.
The wyvern skeleton barely misses you.
You hit the wyvern skeleton but do no damage.
The wyvern skeleton is lightly damaged.
You block the wyvern skeleton's attack.
You barely miss the wyvern skeleton.
The wyvern skeleton is lightly damaged.
The wyvern skeleton bites you! The wyvern skeleton barely misses you.
You hit the wyvern skeleton.
The wyvern skeleton is lightly damaged.
The wyvern skeleton bites you!
* * * LOW HITPOINT WARNING * * *
You hit the wyvern skeleton. You tail-slap the wyvern skeleton.
The wyvern skeleton is moderately damaged.
The wyvern skeleton barely misses you. The wyvern skeleton bites you!
* * * LOW HITPOINT WARNING * * *
You puncture the wyvern skeleton!
The wyvern skeleton is severely damaged.
The wyvern skeleton bites you!
You die...

#
##+######
#.......#
#.......#
#.......#
#.......#
#.......+
#..[$@..#
#.)..Z..#
#.......#
#########


You could see a wyvern skeleton.

Vanquished Creatures
  A two-headed ogre (D:8)
  Pikel (D:7)
  A cyclops (D:9)
  A wyvern (D:9)
  3 yaks (D:9)
  2 orc warriors
  2 sky beasts
  4 phantoms
  A necrophage (D:6)
  2 ogres
  3 centaurs
  4 lemures (D:7)
  7 bullfrogs
  2 scorpions
  A wyvern skeleton (D:8)
  4 killer bees (D:8)
  4 howler monkeys
  A bullfrog zombie (D:7)
  An orc priest (D:3)
  4 hounds
  Crazy Yiuf (D:7)
  2 jellies
  2 centaur skeletons
  7 worker ants
  10 orc wizards
  A killer bee zombie (D:8)
  2 hound zombies
  3 gnolls (D:8)
  13 adders
  2 howler monkey skeletons
  3 shadow imps
  A white imp (D:7)
  An ufetubus (D:8)
  An adder zombie (D:7)
  2 adder skeletons
  A worm (D:3)
  3 dart slugs
  4 leopard geckos
  21 orcs
  A giant cockroach (D:1)
  8 hobgoblins
  11 jackals
  2 kobolds
  4 quokkas
  8 bats
  4 frilled lizards
  6 goblins
  A jackal skeleton (D:5)
  A leopard gecko skeleton (D:4)
  A quokka skeleton (D:8)
  A quokka zombie (D:5)
  6 rats
183 creatures vanquished.

Vanquished Creatures (collateral kills)
  2 killer bees (D:8)
2 creatures vanquished.

Vanquished Creatures (others)
  An orc priest (D:5)
  4 plants (D:9)
5 creatures vanquished.

Grand Total: 190 creatures vanquished

Notes
Turn   | Place    | Note
-------+----------+-------------------------------------------
     0 | D:1      | Lanoc the Draconian Warper began the quest for the Orb.
     0 | D:1      | Reached XP level 1. HP: 17/17 MP: 3/3
   171 | D:1      | Reached XP level 2. HP: 24/25 MP: 5/5
   410 | D:2      | Reached skill level 3 in Fighting
   620 | D:2      | Reached XP level 3. HP: 29/31 MP: 6/6
   624 | D:2      | Learned a level 2 spell: Blink
  1096 | D:3      | Reached XP level 4. HP: 22/40 MP: 7/7
  1180 | D:3      | Reached skill level 4 in Fighting
  1245 | D:3      | Reached XP level 5. HP: 8/46 MP: 8/8
  1971 | D:4      | Noticed a sky beast
  2034 | D:4      | Killed a sky beast
  2034 | D:4      | Reached XP level 6. HP: 37/55 MP: 9/9
  2050 | D:4      | Reached skill level 5 in Fighting
  2641 | D:4      | Your scales start taking on a lurid green colour.
  2641 | D:4      | Reached XP level 7. HP: 56/61 MP: 10/10
  2641 | D:4      | Gained mutation: Your system is resistant to poisons.
                  | (rPois) [Green Draconian growth]
  2727 | D:4      | Reached skill level 5 in Translocations
  2929 | D:5      | Entered Level 5 of the Dungeon
  2969 | D:5      | Found a staircase to the Ecumenical Temple.
  3025 | Temple   | Entered the Ecumenical Temple
  3347 | D:5      | Reached skill level 5 in Dodging
  3672 | D:5      | Reached skill level 6 in Fighting
  4828 | D:6      | Reached XP level 8. HP: 71/71 MP: 11/11
  5098 | D:6      | Reached skill level 7 in Fighting
  5217 | D:6      | Learned a level 1 spell: Apportation
  5223 | D:6      | Learned a level 4 spell: Passage of Golubria
  5442 | D:6      | Found an opulent altar of Gozag.
  6289 | D:7      | Noticed Pikel
  6322 | D:7      | Killed Pikel
  6322 | D:7      | Reached skill level 8 in Fighting
  6322 | D:7      | Reached XP level 9. HP: 58/80 MP: 12/12
  6549 | D:7      | Found a runed translucent door.
  6550 | D:7      | Noticed Crazy Yiuf
  6560 | D:7      | Killed Crazy Yiuf
  7244 | D:8      | Found a radiant altar of Vehumet.
  7244 | D:8      | Found an ancient bone altar of Kikubaaqudgha.
  7245 | D:8      | Found a shimmering blue altar of Sif Muna.
  7256 | D:8      | Identified Kikubaaqudgha's Handbook of Stolen Souls
  7602 | D:8      | Reached skill level 9 in Fighting
  7706 | D:8      | Noticed a two-headed ogre
  7748 | D:8      | Killed a two-headed ogre
  8039 | D:8      | Reached XP level 10. HP: 90/90 MP: 13/13
  8477 | D:9      | Noticed a cyclops
  8727 | D:9      | Killed a cyclops
  8958 | D:9      | Found a runed translucent gate.
  8958 | D:9      | Found a runed translucent gate.
  8958 | D:9      | Found a runed translucent gate.
  8960 | D:9      | Noticed EnegeticOcto's ghost (novice DDFi)
  8960 | D:9      | Noticed a nine-headed hydra
  9345 | D:9      | Noticed an orange crystal statue
  9572 | D:9      | Reached skill level 10 in Fighting
  9686 | D:10     | Entered Level 10 of the Dungeon
  9757 | D:10     | Slain by a wyvern skeleton

Illustrated notes

Levels and vault maps discovered:
D:1:      roderic_crossed_star, layout_rooms, minmay_fountain_box
D:2:      layout_basic, nicolae_overflow_hidden_temple
D:3:      layout_basic
D:4:      layout_basic
D:5:      layout_cave_pools, minmay_temple_entry_tees, serial_co_window_serial,
          co_window_paths_a, co_window_corner_a, co_window_paths_b,
          co_window_corner_a, co_window_corner_a, co_window_of_opportunity_a,
          co_window_broadway_b, co_window_2corner, co_window_paths_c,
          co_window_unsneaky_path_a, co_window_2corner, co_window_2corner,
          glass_columns_b, glass_columns_a, glass_columns_c, glass_columns_b
D:6:      layout_cave_pods, nicolae_gozag_seed_capital
D:7:      layout_loops_ring, fountainhead, uniq_pikel, uniq_crazy_yiuf_cottage
D:8:      layout_gridville, grunt_temple_overflow_magic_moments
D:9:      minmay_statue_hallways, layout_cave_pools, gammafunk_ghost_hydra_chop
D:10:     layout_roguey, gammafunk_ghost_split, serial_shops, shop
Temple:   regret_index_temple_generic_petals

Skill      XL: |  1  2  3  4  5  6  7  8  9 10 |
---------------+-------------------------------+-----
Fighting       | 3 4 5 6 8 9 10 | 10.1
Dodging        | 3 4 5 6 8 |  8.6
Translocations | 4 5 7 8 9 |  9.2
Polearms       | |  2.0
Throwing       | |  0.8
Spellcasting   | |  2.0

Action                   |  1- 3 |  4- 6 |  7- 9 | 10-12 || total
-------------------------+-------+-------+-------+-------++-------
Melee: Spear             |   137 |   259 |   216 |       ||   612
       Tailslap          |     6 |    33 |    70 |    23 ||   132
       Trident           |       |       |   456 |   139 ||   595
Throw: Boomerang         |       |     1 |     2 |     2 ||     5
 Cast: Blink             |       |       |     3 |     9 ||    12
       Passage of Golubr |       |       |     1 |       ||     1
 Abil: Breathe Noxious F |       |       |    34 |    14 ||    48
  Use: Scroll            |       |     7 |       |       ||     7
 Stab: Sleeping          |     1 |     2 |     1 |       ||     4
       Confused          |       |       |    24 |     8 ||    32
Armor: Skin              |    33 |   117 |   228 |    21 ||   399
Dodge: Dodged            |    59 |   160 |   404 |    88 ||   711
Block: Other             |       |       |    37 |    23 ||    60
       Reflection        |       |       |       |     1 ||     1

Table legend: (Time is in decaauts)
 A = Elapsed time spent in this place.
 B = Non-inter-level travel time spent in this place.
 C = Inter-level travel time spent in this place.
 D = Time resting spent in this place.
 E = Time spent auto-exploring this place.
 F = Levels seen in this place.
 G = Mean time per level.
                   A        B        C        D        E       F      G
               +--------+--------+--------+--------+--------+-----+--------+
         Total |   9901 |   9644 |    257 |    203 |   7137 |  11 |  900.1 |
       Dungeon |   9656 |   9426 |    230 |    203 |   6920 |  10 |  965.6 |
        Temple |    245 |    218 |     27 |      0 |    217 |   1 |  245.0 |
               +--------+--------+--------+--------+--------+-----+--------+

Top non-repeatable levels by time:
     D:8: 1695 daAuts
     D:5: 1646 daAuts
     D:6: 1399 daAuts
     D:9: 1096 daAuts
     D:4: 1016 daAuts
     D:3: 901 daAuts
     D:7: 876 daAuts
     D:2: 754 daAuts
     D:1: 255 daAuts
  Temple: 245 daAuts
    D:10: 14 daAuts
